 Dungeon Crawl Stone Soup version 0.26-a0-639-g72c4674329 (webtiles) character file.

Game seed: 1150755204797113463

330586 Flugslaktarn the Peltast (level 20, -7/200 HPs)
             Began as a Deep Dwarf Fighter on Sept 24, 2020.
             Was the Champion of Makhleb.
             Mangled by a tentacled monstrosity (9 damage)
             ... on level 1 of the Realm of Zot.
             The game lasted 00:21:40 (23570 turns).

Flugslaktarn the Peltast (Deep Dwarf Fighter)      Turns: 23570, Time: 00:21:41

Health: -7/200     AC: 30    Str: 25    XL:     20   Next: 47%
Magic:  11/11      EV: 13    Int: 11    God:    Makhleb [******]
Gold:   1245       SH:  0    Dex: 14    Spells: 19/19 levels left

rFire    + . .     SeeInvis .   a - +5 war axe (flame)
rCold    . . .     Faith    .   J - +10 tower shield of Ignorance {rN+ Int-4}
rNeg     + + .     Spirit   .   A - +4 plate armour {ponderous}
rPois    .         Reflect  +   k - +2 helmet
rElec    +         Harm     .   O - +2 cloak
rCorr    .         Rampage  .   b - +2 pair of gloves
MR       +++..                  y - +2 pair of boots
Stlth    ..........             N - amulet of reflection
HPRegen  0.00/turn              d - ring "Nisiq" {rElec rF+ Int+4}
MPRegen  0.12/turn              v - +4 ring of evasion

@: confused, non-regenerating, constricted, slow
A: damage resistance, heal wounds, blurry vision 1, deformed body, negative
energy resistance 1, sense surroundings 3, no regeneration
}: 3/15 runes: decaying, abyssal, gossamer
a: Heal Wounds, Minor Destruction, Lesser Servant of Makhleb, Major Destruction,
Greater Servant of Makhleb, Renounce Religion


You were on level 1 of the Realm of Zot.
You worshipped Makhleb.
Makhleb was exalted by your worship.
You visited 8 branches of the dungeon, and saw 36 of its levels.
You visited the Abyss 2 times.
You also visited: Volcano.

You collected 3078 gold pieces.
You spent 1833 gold pieces at shops.

Inventory:

Hand Weapons
 a - a +5 war axe of flaming (weapon)
 G - a +0 broad axe
   (You found it on level 13 of the Dungeon)
Missiles
 q - a throwing net (quivered)
Armour
 b - a +2 pair of gloves (worn)
   (You found it on level 9 of the Dungeon)
 k - a +2 helmet (worn)
   (You found it on level 6 of the Dungeon)
 y - a +2 pair of boots (worn)
   (You found it on level 9 of the Dungeon)
 A - a +4 plate armour of ponderousness (worn)
   (You took it off an orc warrior on level 2 of the Orcish Mines)
 H - a +2 plate armour of cold resistance
   (You found it on level 13 of the Dungeon)
 J - the +10 tower shield of Ignorance (worn) {rN+ Int-4}
   (You bought it in a shop on level 12 of the Dungeon)

   It affects your intelligence (-4).
   It protects you from negative energy.
 O - a +2 cloak (worn)
   (You found it on level 4 of the Lair of Beasts)
 P - a +0 kite shield
Jewellery
 d - the ring "Nisiq" (left hand) {rElec rF+ Int+4}
   (You found it on level 4 of the Swamp)

   [ring of protection from fire]

   It affects your intelligence (+4).
   It protects you from fire.
   It insulates you from electricity.
 m - an uncursed ring of protection from magic
   (You found it on level 4 of the Lair of Beasts)
 n - an uncursed ring of protection from magic
   (You found it on level 4 of the Spider Nest)
 p - an uncursed ring of flight
   (You found it on level 3 of the Dungeon)
 v - a +4 ring of evasion (right hand)
   (You found it on level 6 of the Dungeon)
 N - an amulet of reflection (around neck)
   (You found it on level 2 of the Swamp)
Wands
 e - a wand of paralysis (18)
   (You found it on level 12 of the Dungeon)
 B - a wand of enslavement (4)
   (You took it off Urug on level 11 of the Dungeon)
 D - a wand of acid (20)
   (You found it on level 2 of the Lair of Beasts)
 E - a wand of digging (10)
   (You found it on level 4 of the Lair of Beasts)
Scrolls
 r - 6 scrolls of identify
 t - 4 scrolls of teleportation
 u - 3 scrolls of enchant armour
 x - 13 scrolls of remove curse
 z - 4 scrolls of blinking
 C - a scroll of fear
 K - 3 scrolls of magic mapping
 L - 3 scrolls of immolation
Potions
 f - 3 potions of cancellation
 g - 6 potions of lignification
 h - 2 potions of haste
 i - a potion of invisibility
 j - 4 potions of magic
 l - 5 potions of ambrosia
 o - a potion of mutation
 s - 3 potions of brilliance
 w - 4 potions of heal wounds
 M - 3 potions of flight
Miscellaneous
 F - a condenser vane (2/2)
   (You found it on level 4 of the Lair of Beasts)


   Skills:
 * Level 16.9 Fighting
 - Level 16.0 Axes
 + Level 14.6 Armour
 + Level 10.8 Dodging
 * Level 17.4 Shields
 - Level 15.0 Invocations
 - Level 10.0 Evocations


You had 19 spell levels left.
You didn't know any spells.
Your spell library was empty.

Dungeon Overview and Level Annotations

Branches:
Dungeon (15/15)            Temple (1/1) D:6            Lair (4/6) D:10
  Swamp (4/4) Lair:3       Spider (4/4) Lair:4          Orc (2/2) D:12
    Elf (0/3) Orc:2        Vaults (0/5) D:13         Depths (5/5) D:15
    Zot (1/5) Depths:5    Volcano (visited)

Altars:
Ashenzari
Cheibriados
Dithmenos
Fedhas
Gozag
Hepliaklqana
Kikubaaqudgha
Makhleb
Nemelex Xobeh
Okawaru
Qazlal
Ru
Sif Muna
Trog
Uskayaw
Vehumet
Wu Jian
Yredelemnul
Zin
The Shining One
Beogh

Shops:
D:12 [   Orc:2 ([[(   Depths:1 (   Depths:4 }}=

Portals:
Hell: Depths:2 Depths:4
Abyss: Depths:4 Depths:5
Ziggurat: Depths:2
Trove: D:13 (give +8 demon whip)

Annotations:
Lair:1 1 runed translucent door, exclusion: 2 oklob plants, donkeybrains's ghost, journeyman MiFi
Swamp:2 3 runed translucent doors, Ogauff's ghost, journeyman FeFi
Orc:2 1 runed translucent door, p0werm0de's ghost, journeyman MiFi


Innate Abilities, Weirdness & Mutations

You are resistant to damage.
You can heal yourself by infusing magical energy.
You resist negative energy. (rN+)
You passively map a large area around you.
You do not regenerate.
Scrolls take you a little longer to read.
Armour fits poorly on your strangely shaped body.


Message History

The curse toe calls on the powers of darkness!
You feel a surge of unholy energy.
You're too confused!
You're too confused!
You're too confused!
You're too confused!
The tentacled monstrosity closely misses you.
The tentacled monstrosity tentacle-slaps you but does no damage. x2
The tentacled monstrosity grabs you.
The tentacled monstrosity constricts you.
The curse toe calls on the powers of darkness!
You feel a surge of unholy energy.
The tentacled monstrosity barely misses you.
The tentacled monstrosity tentacle-slaps you but does no damage.
The tentacled monstrosity closely misses you.
* * * LOW HITPOINT WARNING * * *
The tentacled monstrosity constricts you.
You bump into the rock wall.
The tentacled monstrosity tentacle-slaps you!
You die...

* ** ,, * * , * ,,
* ** * ,*.# .#
#########.###
#@z.##......#
#.X○.fff....#
#.....∩.....######
###...............
##........f.....
#..............
#####..........
#f.........
####.......


You could see a tentacled monstrosity, a curse toe, a deathcap (summoned) and 2
wandering mushrooms.

Vanquished Creatures
  Saint Roka (Orc:2)
  Bai Suzhen (Spider:4)
  A golden dragon (Depths:5)
  Nikola (Spider:4)
  Jorgrun (Orc:1)
  2 hellephants (Abyss:5)
  A quicksilver dragon (Zot:1)
  6 tentacled starspawn
  An Executioner (Abyss:1)
  2 thorn hunters
  A sphinx (Depths:4)
  2 draconian monks (Depths:5)
  3 frost giants
  4 fire giants
  6 emperor scorpions
  A cacodemon (Abyss:5)
  A ghost moth (Spider:4)
  2 draconian shifters
  2 draconian annihilators (Depths:5)
  4 stone giants
  9 very ugly things
  4 black draconians (Depths:5)
  3 green draconians (Depths:5)
  3 entropy weavers
  A purple draconian (Depths:5)
  4 red draconians (Depths:5)
  6 dire elephants (Abyss:5)
  A white draconian (Depths:5)
  A fire dragon (shapeshifter) (Abyss:1)
  3 yaktaur captains (Depths:4)
  2 great orbs of eyes
  4 fire dragons
  Josephine (Orc:2)
  3 shambling mangroves
  A ghost crab (Swamp:4)
  24 hydras
  Erolcha (D:10)
  A spriggan air mage (Depths:4)
  A deep troll shaman (Depths:3)
  3 centaur warriors
  15 two-headed ogres
  9 alligators
  4 tengu warriors
  2 death knights (D:13)
  3 death yaks (Lair:4)
  3 ogre magi
  A deep troll earth mage (Depths:3)
  6 thrashing horrors
  5 spriggan berserkers
  Urug (D:11)
  2 wretched stars (Abyss:1)
  2 sixfirhies (Abyss:5)
  3 spatial maelstroms
  A death drake (Depths:5)
  2 unseen horrors
  A sea snake (shapeshifter) (Depths:5)
  9 swamp dragons
  2 wizards
  A glowing orange brain (Abyss:3)
  A shadow demon (Abyss:5)
  3 deep trolls (Depths:3)
  2 necromancers (Depths:4)
  2 lindwurms
  9 orb spiders
  A golden dragon zombie (Abyss:3)
  2 orc knights (Orc:2)
  9 ugly things
  14 wolf spiders
  A worldbinder (Abyss:1)
  3 cyclopes
  An orc sorcerer (Orc:2)
  3 deep elf magi
  2 moths of wrath (Zot:1)
  A manticore (D:12)
  3 elephants (Abyss:5)
  2 apocalypse crabs
  3 centaur zombies
  10 cane toads
  An orange demon (Abyss:1)
  2 torpor snails
  2 molten gargoyles (Volcano)
  3 black mambas
  2 gargoyles
  A rime drake (Lair:4)
  A hellion (Abyss:1)
  A komodo dragon (shapeshifter) (Abyss:1)
  4 efreet
  A komodo dragon (Lair:3)
  A freezing wraith (D:14)
  10 yaktaurs
  3 ancient zymes
  9 demonic crawlers
  A hellwing (Abyss:1)
  7 trolls
  A tengu conjurer (Depths:3)
  9 polar bears (Lair:2)
  17 jumping spiders
  4 tyrant leeches
  15 hornets
  3 raiju (Abyss:1)
  13 slime creatures
  13 bog bodies
  3 blink frogs (Swamp:2)
  2 hippogriffs (D:7)
  3 spriggans
  7 ynoxinuls
  A shadow (D:14)
  44 redbacks
  33 yaks
  A fire elemental (Depths:1)
  20 tarantellas
  11 wraiths
  3 basilisks
  3 wyverns
  11 humans (D:13)
  A fire bat (Volcano)
  10 large abominations
  4 neqoxecs
  4 steam dragons
  3 wargs
  18 vampire mosquitoes
  A soldier ant (D:14)
  4 spatial vortices
  12 swamp worms
  A floating eye (shapeshifter) (Depths:4)
  14 water moccasins
  12 swamp drakes
  4 hell hounds
  5 porcupines
  31 orc warriors
  5 ice beasts
  3 ettin simulacra (Depths:4)
  8 black bears
  2 necrophages
  2 eyes of draining (Abyss:1)
  A sky beast (D:13)
  5 small abominations (Abyss:1)
  24 ogres
  18 starcursed masses
  4 boggarts (Depths:3)
  10 crocodiles
  18 wolves
  22 centaurs
  A big kobold (D:8)
  25 bullfrogs
  2 gnoll sergeants (D:7)
  A wyvern skeleton (D:11)
  5 scorpions
  5 killer bees (D:10)
  19 wights
  A troll skeleton (D:9)
  6 howler monkeys
  5 spriggan skeletons (D:9)
  An electric eel (Spider:4)
  4 lava snakes (Volcano)
  A bullfrog zombie (D:13)
  5 crimson imps
  6 quasits
  A wyvern simulacrum (D:14)
  3 hounds
  33 orc wizards
  28 orc priests
  7 jellies
  A bullfrog skeleton (D:13)
  An iron imp (Abyss:1)
  3 centaur skeletons
  Natasha (D:3)
  An iguana (D:7)
  13 worker ants
  3 hound zombies
  A hound skeleton (D:8)
  12 adders
  3 shadow imps
  6 white imps
  4 ufetubi
  An adder zombie (D:3)
  3 worms
  3 leopard geckos
  111 orcs
  4 ball pythons
  3 bats
  A giant cockroach (D:4)
  8 hobgoblins
  4 jackals (D:6)
  6 quokkas
  2 frilled lizards
  A giant cockroach zombie (D:3)
  3 goblins
  5 kobolds
  2 quokka skeletons
  A rat (D:1)
  4 briar patches (Swamp:2)
  5 starspawn tentacles
1150 creatures vanquished.

Vanquished Creatures (collateral kills)
  2 ghost moths (Spider:4)
  2 emperor scorpions (Spider:4)
  A demonic crawler (Spider:4)
  A redback (Spider:4)
  An electric eel (Spider:4)
7 creatures vanquished.

Vanquished Creatures (others)
  An alligator (Swamp:2)
  A wolf spider (Spider:4)
  An ugly thing (Depths:4)
  A jumping spider (Spider:4)
  A hornet (Spider:4)
  A human (D:13)
  A vampire mosquito (Swamp:1)
  2 swamp drakes
  An orc (D:12)
  45 fungi
  45 plants
  15 starspawn tentacles
  5 toadstools (D:3)
  5 withered plants
125 creatures vanquished.

Grand Total: 1282 creatures vanquished

Notes
Turn   | Place    | Note
-------+----------+-------------------------------------------
     0 | D:1      | Flugslaktarn the Deep Dwarf Fighter began the quest for the
                  | Orb.
     0 | D:1      | Reached XP level 1. HP: 20/20 MP: 1/1
   282 | D:2      | Reached XP level 2. HP: 18/27 MP: 2/2
   388 | D:3      | Found a blossoming altar of Fedhas.
   495 | D:3      | Reached XP level 3. HP: 33/34 MP: 3/3
   504 | D:3      | Noticed Natasha
   530 | D:3      | Killed Natasha
   530 | D:3      | Reached XP level 4. HP: 41/42 MP: 3/3
   724 | D:4      | Noticed a water elemental
   726 | D:4      | Found a stormy altar of Qazlal.
   728 | D:4      | Noticed an earth elemental
   728 | D:4      | Noticed a fire elemental
   728 | D:4      | Noticed an air elemental
   772 | D:4      | Noticed an ogre
   781 | D:4      | HP: 2/43 [ogre/+0 giant club (14)]
   786 | D:4      | Killed an ogre
   786 | D:4      | Reached skill level 4 in Shields
   786 | D:4      | Reached XP level 5. HP: 32/50 MP: 3/3
   956 | D:4      | Reached XP level 6. HP: 46/57 MP: 4/4
  1520 | D:4      | Reached skill level 5 in Axes
  1861 | D:5      | Entered Level 5 of the Dungeon
  1866 | D:5      | Noticed an ice beast
  1876 | D:5      | Killed an ice beast
  1876 | D:5      | Reached XP level 7. HP: 37/66 MP: 5/5
  1885 | D:5      | You fall into a shaft and drop 3 floors!
  2041 | D:8      | Reached skill level 5 in Fighting
  2041 | D:8      | Reached skill level 5 in Shields
  2093 | D:8      | Reached skill level 5 in Armour
  2128 | D:8      | Reached XP level 8. HP: 38/75 MP: 6/6
  2335 | D:7      | Noticed a hippogriff
  2350 | D:7      | Killed a hippogriff
  2387 | D:7      | Noticed a hippogriff
  2403 | D:7      | Killed a hippogriff
  2403 | D:7      | Reached skill level 6 in Shields
  2569 | D:6      | Gained mutation: You passively map the area around you.
                  | [Deep Dwarf growth]
  2569 | D:6      | Reached XP level 9. HP: 37/85 MP: 7/7
  2636 | D:6      | Found a staircase to the Ecumenical Temple.
  2684 | Temple   | Entered the Ecumenical Temple
  2761 | Temple   | Became a worshipper of Makhleb the Destroyer
  3178 | D:6      | Found a radiant altar of Vehumet.
  3239 | D:6      | Found a glowing golden altar of the Shining One.
  3504 | D:7      | Reached skill level 1 in Invocations
  4315 | D:8      | Reached * piety under Makhleb
  4633 | D:9      | Reached skill level 7 in Shields
  4801 | D:9      | Noticed a two-headed ogre
  4811 | D:9      | Killed a two-headed ogre
  4811 | D:9      | Reached XP level 10. HP: 65/96 MP: 8/10
  5046 | D:9      | Noticed a two-headed ogre
  5057 | D:9      | Killed a two-headed ogre
  5113 | D:9      | Reached skill level 10 in Axes
  5150 | D:9      | Killed an unseen horror
  5150 | D:9      | Reached skill level 5 in Invocations
  5166 | D:9      | Reached ** piety under Makhleb
  5376 | D:10     | Entered Level 10 of the Dungeon
  5384 | D:10     | Reached skill level 8 in Shields
  5398 | D:10     | Found a hide-covered altar of Uskayaw.
  5494 | D:10     | Noticed a two-headed ogre
  5505 | D:10     | Killed a two-headed ogre
  5619 | D:10     | Reached XP level 11. HP: 100/106 MP: 12/12
  5841 | D:10     | Reached *** piety under Makhleb
  5842 | D:10     | Noticed Erolcha
  5856 | D:10     | Killed Erolcha
  5871 | D:10     | Found a staircase to the Lair.
  6093 | D:11     | Noticed Urug
  6112 | D:11     | Killed Urug
  6521 | D:11     | Reached **** piety under Makhleb
  6523 | D:11     | Found a shadowy altar of Dithmenos.
  6808 | D:12     | Reached skill level 10 in Fighting
  6838 | D:12     | Found Wetunue's Antique Armour Shoppe.
  6912 | D:12     | Reached skill level 9 in Shields
  7006 | D:12     | Found a glowing golden altar of the Shining One.
  7228 | D:12     | Found a staircase to the Orcish Mines.
  7238 | D:12     | Reached ***** piety under Makhleb
  7519 | D:13     | Noticed a white ugly thing
  7536 | D:13     | Killed a white ugly thing
  7536 | D:13     | Reached XP level 12. HP: 90/117 MP: 14/14
  7597 | D:13     | Noticed a death knight
  7597 | D:13     | Noticed a two-headed ogre
  7604 | D:13     | Killed a two-headed ogre
  7643 | D:13     | Killed a death knight
  7771 | D:13     | Noticed a death knight
  7791 | D:13     | Killed a death knight
  7803 | D:13     | Reached skill level 1 in Evocations
  7838 | D:13     | Noticed a centaur warrior
  7867 | D:13     | Killed a centaur warrior
  7948 | D:13     | Found an ornate altar of the Wu Jian Council.
  7986 | D:13     | Found a portal to a secret trove of treasure.
  8154 | D:13     | Noticed a tengu warrior
  8161 | D:13     | Killed a tengu warrior
  8255 | D:13     | Found a gate to the Vaults.
  8576 | D:14     | Reached skill level 10 in Shields
  8632 | D:14     | Noticed a two-headed ogre
  8632 | D:14     | Noticed a two-headed ogre
  8633 | D:14     | Noticed a two-headed ogre
  8634 | D:14     | Noticed an ogre mage
  8635 | D:14     | Noticed a two-headed ogre
  8659 | D:14     | Killed an ogre mage
  8660 | D:14     | Killed a two-headed ogre
  8666 | D:14     | Killed a two-headed ogre
  8666 | D:14     | Reached XP level 13. HP: 123/127 MP: 16/16
  8676 | D:14     | Reached skill level 10 in Armour
  9250 | D:15     | Entered Level 15 of the Dungeon
  9288 | D:15     | Reached ****** piety under Makhleb
  9294 | D:15     | Reached skill level 5 in Evocations
  9333 | D:15     | Noticed a fire dragon
  9334 | D:15     | Noticed a fire dragon
  9351 | D:15     | Killed a fire dragon
  9355 | D:15     | Killed a fire dragon
  9360 | D:15     | Found a staircase to the Depths.
  9852 | D:15     | Found a basalt altar of Yredelemnul.
  9983 | D:15     | Reached skill level 10 in Invocations
 10198 | Orc:1    | Entered Level 1 of the Orcish Mines
 10429 | Orc:1    | Found a dark tunnel.
 10439 | Volcano  | Entered a volcano
 10679 | Volcano  | Found a radiant altar of Vehumet.
 10764 | Volcano  | Noticed a fire dragon
 10785 | Volcano  | Killed a fire dragon
 11026 | Orc:1    | Noticed Jorgrun
 11157 | Orc:1    | Killed Jorgrun
 11237 | Orc:2    | Entered Level 2 of the Orcish Mines
 11295 | Orc:2    | Gained mutation: You resist negative energy. (rN+) [Deep
                  | Dwarf growth]
 11295 | Orc:2    | Reached XP level 14. HP: 122/138 MP: 16/16
 11340 | Orc:2    | Found a roughly hewn altar of Beogh.
 11421 | Orc:2    | Found a roughly hewn altar of Beogh.
 11442 | Orc:2    | Found Byrutalu's Antique Weapon Shoppe.
 11492 | Orc:2    | Noticed Josephine
 11519 | Orc:2    | Killed Josephine
 11642 | Orc:2    | Found a roughly hewn altar of Beogh.
 11679 | Orc:2    | Found a staircase to the Elven Halls.
 11812 | Orc:2    | Found a roughly hewn altar of Beogh.
 11860 | Orc:2    | Found a roughly hewn altar of Beogh.
 11861 | Orc:2    | Found Felutz's Antique Armour Shop.
 11930 | Orc:2    | Noticed Saint Roka
 11986 | Orc:2    | Killed Saint Roka
 11986 | Orc:2    | Reached skill level 11 in Shields
 12028 | Orc:2    | Found Qamn's Antique Weapon Shoppe.
 12029 | Orc:2    | Found a roughly hewn altar of Beogh.
 12030 | Orc:2    | Found Foajaaf's Antique Armour Emporium.
 12092 | Orc:2    | Found a roughly hewn altar of Beogh.
 12141 | Orc:2    | Found a runed translucent door.
 12141 | Orc:2    | Noticed p0werm0de's ghost (journeyman MiFi)
 12172 | Orc:2    | Found a roughly hewn altar of Beogh.
 12377 | D:12     | Bought the +10 tower shield of Ignorance {rN+ Int-4} for
                  | 1833 gold pieces
 12377 | D:12     | Found the +10 tower shield of Ignorance {rN+ Int-4}
 12464 | Lair:1   | Entered Level 1 of the Lair of Beasts
 12673 | Lair:1   | Found a runed translucent door.
 12674 | Lair:1   | Noticed donkeybrains's ghost (journeyman MiFi)
 12981 | Lair:1   | Reached skill level 1 in Dodging
 14288 | Lair:3   | Got a pitted lead amulet
 14755 | Lair:3   | Found a staircase to the Swamp.
 14819 | Lair:3   | Reached skill level 15 in Axes
 15222 | Lair:4   | Identified the amulet of Nadenuda {Inacc Stlth+} (You found
                  | it on level 3 of the Lair of Beasts)
 15280 | Lair:4   | Reached XP level 15. HP: 147/147 MP: 1/18
 15469 | Lair:4   | Reached XP level 16. HP: 156/156 MP: 19/19
 15747 | Lair:4   | Found a hole to the Spider Nest.
 15854 | Spider:1 | Entered Level 1 of the Spider Nest
 16101 | Spider:1 | Reached skill level 12 in Shields
 16824 | Spider:4 | Entered Level 4 of the Spider Nest
 16874 | Spider:4 | Noticed Bai Suzhen
 16874 | Spider:4 | Noticed Nikola
 16888 | Spider:4 | Killed Nikola
 16901 | Spider:4 | Killed Bai Suzhen
 16901 | Spider:4 | Reached skill level 5 in Dodging
 17051 | Spider:4 | Reached skill level 13 in Shields
 17225 | Spider:4 | Reached skill level 10 in Evocations
 17292 | Spider:4 | Reached XP level 17. HP: 73/166 MP: 2/21
 17359 | Spider:4 | Got a gossamer rune of Zot
 17791 | Swamp:1  | Entered Level 1 of the Swamp
 17794 | Swamp:1  | Paralysed by a hornet for 1 turns
 17913 | Swamp:2  | Paralysed by a hornet for 1 turns
 18042 | Swamp:2  | Found a runed translucent gate.
 18042 | Swamp:2  | Found a runed translucent gate.
 18042 | Swamp:2  | Found a runed translucent gate.
 18082 | Swamp:2  | Noticed Ogauff's ghost (journeyman FeFi)
 18422 | Swamp:3  | Reached skill level 14 in Shields
 18449 | Swamp:4  | Entered Level 4 of the Swamp
 18761 | Swamp:4  | Got a sparkling steel ring
 18767 | Swamp:4  | Identified the ring "Nisiq" {rElec rF+ Int+4} (You found it
                  | on level 4 of the Swamp)
 18813 | Swamp:4  | Got a decaying rune of Zot
 18817 | Swamp:4  | Reached skill level 15 in Fighting
 18817 | Swamp:4  | Gained mutation: You passively map a large area around you.
                  | [Deep Dwarf growth]
 18817 | Swamp:4  | Reached XP level 18. HP: 177/178 MP: 18/18
 19606 | Depths:1 | Entered Level 1 of the Depths
 19606 | Depths:1 | Found Ijahige's Weapon Shoppe.
 19619 | Depths:1 | Reached skill level 15 in Shields
 19851 | Depths:2 | Found a gateway to a ziggurat.
 19888 | Depths:2 | Found a gateway to Hell.
 19904 | Depths:2 | Found a bloodstained altar of Trog.
 20000 | Depths:3 | Reached XP level 19. HP: 163/186 MP: 19/19
 20615 | Depths:4 | Found Tounaweu's Jewellery Shop.
 20615 | Depths:4 | Found Gammim's Gadget Shoppe.
 20616 | Depths:4 | Found Ufiank's Gadget Shoppe.
 20655 | Depths:4 | Got a smoking turquoise ring
 20713 | Depths:4 | Identified the ring "Fyeveas" {Fire Str+3 Stlth+} (You
                  | found it on level 4 of the Depths)
 20997 | Depths:4 | Reached skill level 16 in Shields
 21269 | Depths:4 | Found a one-way gate to the infinite horrors of the Abyss.
 21273 | Depths:4 | Voluntarily entered the Abyss.
 21902 | Abyss:1  | Paralysed by accursed screaming for 1 turns
 22200 | Depths:4 | Escaped the Abyss
 22202 | Depths:4 | Voluntarily entered the Abyss.
 22258 | Abyss:1  | Found a hide-covered altar of Uskayaw.
 22438 | Abyss:3  | Gained mutation: Scrolls take you a little longer to read.
                  | [a neqoxec]
 22575 | Abyss:4  | Found a corrupted altar of Lugonu.
 22594 | Abyss:5  | Entered Level 5 of the Abyss
 22695 | Abyss:5  | Gained mutation: Armour fits poorly on your strangely
                  | shaped body. [a cacodemon]
 22760 | Abyss:5  | Reached skill level 10 in Dodging
 22840 | Abyss:5  | Reached skill level 15 in Invocations
 22864 | Abyss:5  | Noticed a hellephant
 22906 | Abyss:5  | Reached XP level 20. HP: 184/199 MP: 19/19
 22922 | Abyss:5  | Found a corrupted altar of Lugonu.
 22957 | Abyss:5  | Got an abyssal rune of Zot
 22969 | Depths:4 | Escaped the Abyss
 22992 | Depths:5 | Entered Level 5 of the Depths
 23147 | Depths:5 | Reached skill level 17 in Shields
 23277 | Depths:5 | Noticed a golden dragon
 23279 | Depths:5 | Found a gate to the Realm of Zot.
 23350 | Depths:5 | Killed a golden dragon
 23468 | Zot:1    | Entered Level 1 of the Realm of Zot
 23488 | Zot:1    | Noticed a curse toe
 23561 | Zot:1    | HP: 9/200 [??? (2)]
 23564 | Zot:1    | HP: 3/200 [tentacled monstrosity (3)]
 23569 | Zot:1    | HP: 2/200 [tentacled monstrosity (1)]
 23570 | Zot:1    | Mangled by a tentacled monstrosity

Illustrated notes

Levels and vault maps discovered:
D:1:      saegor_arrival_miasma, layout_loops_corners, minmay_misc_feat_x
D:2:      layout_loops_cross, tgw_xom, uniq_crazy_yiuf_cottage
D:3:      layout_basic, nicolae_overflow_hidden_temple,
          overflow_temple_1_default, marbit_many_paths, serial_undead,
          serial_undead_a, serial_undead_c, serial_undead_b, serial_undead_c,
          serial_undead_b, serial_undead_d, minmay_gold_behind_fungi,
          uniq_sigmund, uniq_grinder, uniq_natasha
D:4:      layout_basic, nicolae_qazlal_style_of_elements,
          nicolae_ossuary_entry_false_entrances, serial_curves, eino_curves_02,
          eino_curves_04
D:5:      layout_loops_corners, serial_shops, nicolae_shop_statue_plus
D:6:      layout_basic, tso_oasis_becter, vehumet_altar_wand_db,
          minmay_temple_entry_drinking_statues
D:7:      layout_cave_pods, sword_in_stone
D:8:      layout_basic
D:9:      layout_cross, fountainhead, hangedman_tell_no_tales
D:10:     layout_loops_ring, grunt_lair_entry_orc_guard_hut, basic_altar,
          uniq_erolcha
D:11:     layout_roguey, lemuel_altar_in_water, uniq_urug
D:12:     layout_small_grid, erik_orc_1, serial_shops, shop, tso_metal_star
D:13:     layout_roguey, ximxim_vaults_locker_room, basic_altar, enter_trove_1
D:14:     layout_loops_ring
D:15:     grunt_enter_depths_hoard, layout_basic, basic_altar,
          nrook_pool_corridor
Temple:   regret_index_temple_waves
Lair:1:   layout_hall_layers, ebering_ghost_inner_flame,
          chequers_serial_rivers_room_a, nicolae_quartered_pool_little,
          grunt_megastairs_1, minmay_lair_oklob_chamber, serial_bayou_shore_b,
          lemuel_fruit_tree
Lair:2:   beast_lair_carwin_large_4, layout_cave_pods, hibernation_bobbens
Lair:3:   layout_cave_pods, palyth_hydra_swamp_entry
Lair:4:   layout_big_grid, spider_nest_entry_rubble
Swamp:1:  layout_basic_swamp, evilmike_swamp_ruin_rubble_2
Swamp:2:  layout_basic_swamp, gammafunk_ghost_necromancy,
          evilmike_swamp_ruin_house_4
Swamp:3:  layout_basic_swamp, serial_swamp_ruin, hangedman_swamp_ruin_wall,
          evilmike_swamp_ruin_house_3, evilmike_swamp_ruin_house_5, swamp_pool1,
          uniq_roxanne, uniq_kirke
Swamp:4:  grunt_swamp_rune_castle, layout_basic_swamp
Spider:1: layout_spider_delve
Spider:2: layout_spider_delve
Spider:3: layout_spider_delve
Spider:4: grunt_spider_rune_circles, uniq_bai_suzhen, uniq_nikola
Orc:1:    layout_diamond_mine, nicolae_volcano_entry_lava_flow, uniq_jorgrun
Orc:2:    grunt_orc_community_town_hall, layout_diamond_mine,
          grunt_orc_community_big_house_1, grunt_orc_community_big_house_2,
          grunt_orc_community_house_1, grunt_orc_community_house_3,
          grunt_orc_community_house_1, grunt_orc_community_house_1,
          grunt_orc_community_house_3, grunt_orc_community_house_2,
          gammafunk_ghost_grave, uniq_josephine
Depths:1: layout_honeycomb, serial_sigils_hangedman_leer, serial_shops, shop,
          grunt_hell_horde, nicolae_blasting_shop, kennysheep_flooded_box,
          wad_rectangle_vault, infiniplex_staircase_pool_lava
Depths:2: spriggan_forest, hell_entry, uniq_mara
Depths:3: minmay_the_grid_triangle_9x9_rhombus_thin
          [minmay_the_grid_triangle_9x9_steps,
          minmay_the_grid_triangle_9x9_prize_center,
          minmay_the_grid_triangle_9x9_corrupted_corridor,
          minmay_the_grid_triangle_9x9_impossible_snake], layout_gridlike,
          grunt_pan_entry_spiral, pf_coc_iceberg, infiniplex_staircase_star
Depths:4: hangedman_elemental_death_ray, layout_basic, hangedman_geh_valley,
          abyss_entry_small_statue_room, minmay_shop_grove,
          minmay_staircase_statues
Depths:5: lemuel_castle_with_subvaults [lemuel_castle_interior_original],
          layout_basic, dk_noncrumbling_2, hell_entry, abyss_entry,
          hangedman_decor_diamond_cutter
Zot:1:    layout_misc_corridors, st_single_dragon_hoard_2, not_door_vault_mu

Skill      XL: |  1  2  3  4  5  6  7  8  9 10 11 12 13 14 15 16 17 18 19 20 |
---------------+-------------------------------------------------------------+-----
Fighting       | 3 4 5 6 8 9 10 11 12 13 14 15 16 | 16.9
Axes           | 3 4 5 6 7 9 10 11 13 14 15 16 | 16.0
Armour         | 4 5 6 7 8 9 10 11 12 13 14 | 14.6
Shields        | 4 5 6 7 8 9 10 11 13 14 15 16 17 | 17.4
Invocations    | 4 5 7 9 10 11 12 13 15 | 15.0
Evocations     | 4 6 8 10 | 10.0
Dodging        | 3 5 7 8 10 | 10.8

Action                   |  1- 3 |  4- 6 |  7- 9 | 10-12 | 13-15 | 16-18 | 19-21 || total
-------------------------+-------+-------+-------+-------+-------+-------+-------++-------
Melee: War axe           |    93 |   157 |   414 |   923 |   952 |  1249 |  1184 ||  4972
Invok: Lesser Servant of |       |       |       |       |     2 |       |       ||     2
       Greater Servant o |       |       |       |       |       |     2 |       ||     2
 Abil: Heal Wounds       |     3 |     4 |    12 |     8 |    18 |    14 |    28 ||    87
Evoke: Wand              |       |       |       |     1 |     8 |     1 |       ||    10
       Condenser vane    |       |       |       |       |       |     4 |     2 ||     6
  Use: Potion            |       |       |     1 |       |     4 |    17 |     8 ||    30
       Scroll            |       |       |    14 |     5 |    13 |     6 |     8 ||    46
 Stab: Invisible         |       |       |       |       |       |     7 |     8 ||    15
       Distracted        |       |       |       |       |       |       |     2 ||     2
Armor: Scale mail        |    40 |    55 |    16 |       |       |       |       ||   111
       Plate armour      |       |       |   238 |   481 |   472 |   739 |   469 ||  2399
Dodge: Dodged            |    28 |    48 |   112 |   290 |   299 |   432 |   369 ||  1578
Block: Kite shield       |    55 |    72 |   294 |   580 |   351 |       |       ||  1352
       Tower shield      |       |       |       |       |   443 |  2063 |  1648 ||  4154
       Reflection        |       |       |       |       |       |    26 |    26 ||    52

Table legend: (Time is in decaauts)
 A = Elapsed time spent in this place.
 B = Non-inter-level travel time spent in this place.
 C = Inter-level travel time spent in this place.
 D = Time resting spent in this place.
 E = Time spent auto-exploring this place.
 F = Levels seen in this place.
 G = Mean time per level.
                   A        B        C        D        E       F      G
               +--------+--------+--------+--------+--------+-----+--------+
         Total |  23893 |  21799 |   2094 |    585 |  13417 |  43 |  555.7 |
       Dungeon |  10556 |   9512 |   1044 |      0 |   6372 |  15 |  703.7 |
        Temple |    124 |     66 |     58 |      0 |     63 |   1 |  124.0 |
          Lair |   3865 |   3509 |    356 |    126 |   2809 |   4 |  966.2 |
         Swamp |   1573 |   1389 |    184 |     51 |    606 |   4 |  393.2 |
   Spider Nest |   1814 |   1641 |    173 |    191 |    636 |   4 |  453.5 |
  Orcish Mines |   1637 |   1484 |    153 |      0 |    994 |   2 |  818.5 |
        Depths |   2151 |   2028 |    123 |    117 |    999 |   5 |  430.2 |
           Zot |     85 |     85 |      0 |      0 |      8 |   1 |   85.0 |
         Abyss |   1666 |   1666 |      0 |      0 |    855 |   6 |  277.7 |
       Volcano |    417 |    417 |      0 |    100 |     73 |   1 |  417.0 |
               +--------+--------+--------+--------+--------+-----+--------+

Top non-repeatable levels by time:
     D:4: 1261 daAuts
  Lair:3: 1212 daAuts
 Abyss:1: 1019 daAuts
   Orc:2: 998 daAuts
    D:12: 993 daAuts
  Lair:2: 991 daAuts
Depths:4: 983 daAuts
     D:8: 946 daAuts
     D:6: 946 daAuts
    D:13: 944 daAuts
    D:15: 908 daAuts
  Lair:1: 883 daAuts
    D:14: 818 daAuts
Spider:1: 789 daAuts
  Lair:4: 778 daAuts
